Map: Automaton LE

Players

Smileblind - Winner!

  • Race: Protoss Protoss
  • League: Silver
  • Spawn Location: 9:00

VOD

Have the link to the VOD?

Description

Time

  • Played on: Feb. 4, 2019, 10:20 a.m.
  • Length: 33:46
Show
View Real Time Build Order
Export as new Build Order

Smileblind Protoss - Winner!

Build Orders:  

Get SALT Encoding   

  12  0:02  Probe (Chrono Boost)  
  13  0:13  Probe (Chrono Boost)  
  14  0:33  Probe (Chrono Boost), Pylon  
  16  1:01  Probe (Chrono Boost)  
  16  1:06  Gateway  
  16  1:18  Probe (Chrono Boost)  
  17  1:25  Gateway  
  17  1:35  Probe (Chrono Boost)  
  17  1:37  Pylon  
  19  1:51  Assimilator  
  19  1:52  Probe (Chrono Boost)  
  19  2:05  Assimilator  
  19  2:08  Zealot  
  19  2:28  Forge  
  19  2:29  Probe (Chrono Boost)  
  22  2:46  Probe (Chrono Boost)  
  23  3:00  Cybernetics Core  
  23  3:03  Probe (Chrono Boost)  
  24  3:18  Photon Cannon  
  25  3:20  Probe (Chrono Boost)  
  25  3:32  Photon Cannon  
  25  3:40  Photon Cannon  
  25  3:52  Sentry  
  25  3:53  Stalker  
  29  4:26  Pylon  
  29  4:50  Nexus  
  29  4:53  Probe (Chrono Boost)  
  30  5:04  Warp Gate  
  31  5:10  Probe (Chrono Boost)  
  31  5:25  Shield Battery  
  31  5:26  Shield Battery  
  31  5:27  Probe (Chrono Boost)  
  32  5:36  Shield Battery  
  32  5:44  Probe (Chrono Boost)  
  33  5:51  Pylon  
  34  6:01  Probe (Chrono Boost)  
  34  6:12  Robotics Facility  
  34  6:16  Probe (Chrono Boost)  
  35  6:22  Twilight Council  
  35  6:27  Probe (Chrono Boost)  
  35  6:39  Probe (Chrono Boost)  
  36  6:45  Shield Battery  
  37  6:55  Probe x2 (Chrono Boost)  
  39  7:06  Probe (Chrono Boost)  
  39  7:07  Pylon  
  41  7:12  Probe (Chrono Boost)  
  41  7:19  Probe (Chrono Boost)  
  41  7:24  Warp Prism  
  41  7:26  Assimilator  
  41  7:29  Probe (Chrono Boost)  
  43  7:33  Assimilator  
  43  7:36  Probe (Chrono Boost)  
  46  7:46  Probe (Chrono Boost)  
  47  7:53  Probe (Chrono Boost)  
  48  8:01  Dark Shrine  
  48  8:03  Probe (Chrono Boost)  
  48  8:04  Probe (Chrono Boost)  
  50  8:15  Probe (Chrono Boost)  
  50  8:17  Stalker  
  53  8:22  Stalker  
  53  8:29  Probe (Chrono Boost)  
  56  8:46  Charge, Probe (Chrono Boost)  
  57  9:02  Immortal  
  61  9:11  Pylon  
  61  9:16  Pylon  
  61  9:22  Pylon  
  61  9:27  Pylon  
  61  9:46  Gateway  
  61  9:48  Gateway  
  61  9:50  Gateway  
  61  9:55  Nexus  
  61  9:59  Dark Templar x2  
  61  10:10  Dark Templar x2  
  65  10:25  Gateway  
  65  10:27  Gateway  
  65  10:30  Gateway  
  65  10:33  Stargate  
  65  11:06  Dark Templar x3  
  65  11:07  Dark Templar  
  59  11:44  Void Ray  
  59  11:49  Probe (Chrono Boost)  
  63  11:53  Probe x2 (Chrono Boost)  
  66  12:00  Probe (Chrono Boost)  
  69  12:10  Probe x2 (Chrono Boost)  
  69  12:12  Shield Battery  
  69  12:14  Probe (Chrono Boost)  
  69  12:15  Shield Battery  
  69  12:17  Shield Battery  
  69  12:19  Templar Archives  
  70  12:27  Probe x2 (Chrono Boost)  
  73  12:30  Probe (Chrono Boost)  
  73  12:36  Fleet Beacon  
  73  12:40  Dark Templar  
  73  12:41  Dark Templar  
  73  12:44  Probe x2 (Chrono Boost), Void Ray  
  72  13:01  Probe (Chrono Boost)  
  72  13:07  Dark Templar  
  72  13:08  Dark Templar x4  
  72  13:23  Zealot  
  72  13:39  Zealot  
  71  13:44  Void Ray  
  73  13:58  Psionic Storm  
  73  14:03  Carrier  
  73  14:08  Nexus  
  73  14:14  Assimilator  
  73  14:18  High Templar x2  
  73  14:19  Assimilator  
  77  14:22  Zealot  
  77  14:23  Zealot x4  
  77  14:24  Zealot  
  95  15:36  Zealot  
  95  15:37  Zealot x2  
  101  15:48  Shield Battery  
  101  15:50  Protoss Air Weapons Level 1  
  101  15:53  Shield Battery  
  101  15:55  Shield Battery  
  101  15:57  Shield Battery  
  101  16:03  Tempest  
  101  16:06  Pylon  
  101  16:09  Pylon  
  106  16:12  Pylon  
  106  16:16  Stargate  
  106  16:37  Carrier  
  96  17:01  Probe (Chrono Boost)  
  103  17:12  Probe (Chrono Boost)  
  104  17:22  Tempest  
  117  18:01  Zealot x2  
  117  18:02  Zealot x4  
  117  18:07  Carrier  
  129  18:22  Tempest  
  124  18:43  Unknown  
  124  18:48  Shield Battery  
  116  18:50  Shield Battery  
  116  18:51  Photon Cannon  
  116  18:54  Photon Cannon  
  116  19:01  Photon Cannon  
  116  19:02  Protoss Air Weapons Level 2, Photon Cannon  
  116  19:12  Photon Cannon  
  116  19:15  Photon Cannon  
  116  19:17  Protoss Ground Weapons Level 1  
  116  19:21  Tempest  
  116  19:26  Shield Battery  
  121  19:34  Shield Battery  
  121  19:37  Carrier  
  97  20:02  Dark Templar x3  
  97  20:03  Dark Templar x3  
  115  20:15  Unknown  
  113  20:40  Carrier  
  113  21:03  Nexus  
  113  21:07  Pylon  
  113  21:08  Pylon  
  113  21:09  Pylon x3  
  113  21:19  Dark Templar  
  121  21:22  Dark Templar  
  123  21:30  Carrier  
  123  21:36  Zealot  
  123  21:37  Zealot  
  123  21:39  Gateway  
  127  22:08  Pylon  
  133  22:11  Pylon  
  133  22:15  Shield Battery  
  133  22:18  Shield Battery  
  133  22:34  Shield Battery  
  133  22:41  Shield Battery  
  133  22:52  Probe (Chrono Boost)  
  134  23:04  Probe (Chrono Boost)  
  134  23:09  Gateway  
  135  23:11  Gateway  
  135  23:13  Carrier x2  
  135  23:15  Shield Battery  
  135  23:17  Probe (Chrono Boost)  
  134  23:28  Assimilator  
  118  23:34  Assimilator, Probe (Chrono Boost)  
  130  23:59  Dark Templar x2  
  134  24:00  Dark Templar x2  
  134  24:03  Zealot  
  134  24:04  Zealot  
  140  24:38  Dark Templar  
  140  24:39  Dark Templar x4  
  150  24:46  Protoss Air Weapons Level 3  
  150  24:53  Stargate  
  150  25:11  Protoss Ground Weapons Level 2  
  150  25:13  Tempest  
  155  25:24  Observer  
  156  25:44  Gateway  
  156  25:47  Gateway  
  156  25:49  High Templar  
  158  25:51  Shield Battery  
  158  25:53  Shield Battery  
  158  25:55  Zealot  
  158  25:56  Zealot  
  158  25:57  Probe (Chrono Boost), Zealot  
  158  25:58  Shield Battery, Zealot  
  166  26:06  Zealot  
  166  26:08  Zealot  
  166  26:09  Probe (Chrono Boost), Zealot  
  173  26:11  Unknown  
  174  26:22  Probe (Chrono Boost)  
  174  26:29  Shield Battery  
  175  26:33  Shield Battery  
  175  26:38  Shield Battery  
  175  26:39  Probe (Chrono Boost)  
  176  26:41  Shield Battery  
  176  26:42  High Templar  
  176  26:43  High Templar  
  176  26:44  High Templar  
  176  26:45  Pylon  
  182  26:51  Tempest  
  187  27:02  Tempest  
  192  27:15  Dark Templar  
  192  27:18  Zealot  
  192  27:19  Zealot x2  
  200  28:02  Nexus  
  200  28:03  Assimilator  
  200  28:05  Pylon  
  200  28:06  Assimilator  
  200  28:08  Pylon  
  200  28:28  Unknown  
  132  29:01  Carrier x2  
  141  30:31  Carrier x2  
  153  32:18  Zealot x3  
  153  32:19  Zealot x3  
  165  32:20  Zealot x4  
Tags
 
League
Silver
Matchup
Co-op
Add a new tag
Caveats
  • Supply blocks, unpowered buildings, or Contaminate may cause inaccurate times.
  • Supply counts are checked every 10 seconds.